 Dungeon Crawl Stone Soup version 0.30-a0-568-g124715a40b (webtiles) character file.

Game seed: 18072582318071402961

95 Jase the Sneak (level 4, -3/24 HPs)
             Began as a Kobold Enchanter on Dec 28, 2022.
             Slain by a yak (12 damage)
             ... on level 5 of the Dungeon.
             The game lasted 00:08:23 (3182 turns).

Jase the Sneak (Kobold Enchanter)                   Turns: 3182, Time: 00:08:23

Health: -3/24      AC:  3    Str:  5    XL:     4   Next: 97%
Magic:  2/7        EV: 15    Int: 16    God:
Gold:   135        SH:  0    Dex: 17    Spells: 2/7 levels left

rFire   . . .      SeeInvis .    a - +1 dagger
rCold   . . .      Faith    .    (no shield)
rNeg    . . .      Spirit   .    b - +0 robe
rPois   .          Reflect  .    (no helmet)
rElec   .          Harm     .    (no cloak)
rCorr   .          Rampage  .    i - +0 pair of gloves
Will    .....                    (no boots)
Stlth   ++++                     g - amulet of the acrobat
HPRegen 0.24/turn                (no ring)
MPRegen 0.10/turn                (no ring)

@: no status effects
A: small, no large weapons, nightstalker 3
a: no special abilities


You were on level 5 of the Dungeon.
You visited 1 branch of the dungeon, and saw 6 of its levels.

You collected 135 gold pieces.

Inventory:

Hand Weapons
 a - a +1 dagger (weapon)
 y - a +1 rapier
Missiles
 k - 39 stones (quivered)
Armour
 b - a +0 robe (worn)
 i - a +0 pair of gloves (worn)
 q - a +0 leather armour
Jewellery
 g - an amulet of the acrobat (around neck)
 m - the ring "Geitod" {rPois rC- rN+++ Will+ Int-2}
   (You found it on level 2 of the Dungeon)

   [ring of willpower]

   Int:       It affects your intelligence (-2).
   rC:        It makes you vulnerable to cold.
   rPois:     It protects you from poison.
   rN:        It renders you almost immune to negative energy.
   Will:      It increases your willpower.
 r - a ring of fire
Wands
 A - a wand of flame (2)
Scrolls
 e - a scroll of enchant weapon
 o - a scroll of teleportation
Potions
 c - 2 potions of invisibility
 f - a potion of flight
 h - a potion of attraction
 j - a potion of might
 n - a potion of brilliance {unknown}
 p - a potion of mutation {unknown}
 u - 2 potions of haste {unknown}
 v - a potion of magic {unknown}
 x - a potion of resistance {unknown}
 z - 4 potions of curing {unknown}


   Skills:
 * Level 3.5 Short Blades
 + Level 3.2 Dodging
 + Level 4.8 Stealth
 - Level 2.1 Spellcasting
 * Level 3.5 Hexes
 + Level 0.9 Ice Magic


You had 2 spell levels left.
You knew the following spells:

 Your Spells              Type           Power      Damage    Failure   Level
a - Ensorcelled Hibernat  Hex/Ice        16%        N/A       12%         2
b - Confusing Touch       Hex            13%        N/A       14%         3

Your spell library contained the following spells:

 Spells                   Type           Power      Damage    Failure   Level
 Slow                     Hex            52%        N/A       4%          1
 Passwall                 Tmut/Erth      0%         N/A       30%         2
 Tukima's Dance           Hex            13%        N/A       14%         3
 Dazzling Flash           Conj/Hex       14%        N/A       30%         3
 Swiftness                Air            1%         N/A       52%         3
 Vampiric Draining        Necr           1%         2d6       52%         3


Dungeon Overview and Level Annotations

Branches:
Dungeon (6/15)
 Temple: D:4-7

Altars:
Cheibriados
Ru

Shops:
D:2 (

Annotations:
D:4 1 exclusion
D:6 exclusions: bullfrog, jelly and ogre


Innate Abilities, Weirdness & Mutations

You are small and have problems with some larger weapons.
You are completely attuned to the shadows.


Message History

Aim: a yak (chance to affect: 41%)
The yak resists with some effort.
The yak closely misses you.
Casting: Ensorcelled Hibernation (safe; 12% risk of failure)
Confirm with . or Enter, or press ? or * to list all spells.
Aiming: Ensorcelled Hibernation (safe; 12% risk of failure)
Press: ? - help, Shift-Dir - straight line, f/p - yak
Aim: a yak (chance to affect: 41%)
The yak looks drowsy...
The helpless yak fails to defend itself.
You impale the yak!!
The yak is severely wounded.
You hit the yak.
The yak is severely wounded.
The yak closely misses you.
You hit the yak but do no damage.
The yak is severely wounded.
The yak misses you.
You hit the yak but do no damage.
The yak is severely wounded.
The yak completely misses you.
Casting: Ensorcelled Hibernation (safe; 12% risk of failure)
Confirm with . or Enter, or press ? or * to list all spells.
You don't have enough magic to cast this spell.
You hit the yak.
The yak is almost dead.
The yak misses you.
You hit the yak but do no damage.
The yak is almost dead.
The yak barely misses you.
You hit the yak.
The yak is almost dead.
You hit the yak but do no damage.
The yak is almost dead.
The yak gores you!
Ouch! That really hurt!
You hit the yak.
The yak is almost dead.
The yak gores you!
Ouch! That really hurt!
You die...

... ...Y
..#...#
##.#...#
#....>#
##..>#
##...##
#....#
##..Y#
#..@#
#####


You could see a yak.

Vanquished Creatures
  4 adders
  A gnoll (D:1)
  A worm (D:2)
  An orc (D:6)
  7 ball pythons
  5 endoplasms
  2 giant cockroaches (D:1)
  5 goblins
  4 hobgoblins
  5 kobolds
  A quokka (D:3)
  4 bats
  3 frilled lizards
43 creatures vanquished.

Vanquished Creatures (others)
  A plant (D:4)
1 creature vanquished.

Grand Total: 44 creatures vanquished

Notes
Turn   | Place    | Note
-------+----------+-------------------------------------------
     0 | D:1      | Jase the Kobold Enchanter began the quest for the Orb.
     0 | D:1      | Reached XP level 1. HP: 10/10 MP: 3/3
   128 | D:1      | Reached XP level 2. HP: 15/15 MP: 5/5
   251 | D:1      | Reached XP level 3. HP: 19/19 MP: 6/6
   586 | D:1      | Learned a level 2 spell: Ensorcelled Hibernation
   590 | D:1      | Learned a level 3 spell: Confusing Touch
   911 | D:2      | Reached XP level 4. HP: 24/24 MP: 7/7
  1015 | D:2      | Identified the ring "Geitod" {rPois rC- rN+++ Will+ Int-2}
  1702 | D:2      | Found Olill's Weapon Shoppe.
  2499 | D:3      | Found a sacrificial altar of Ru.
  3047 | D:4      | Found a snail-covered altar of Cheibriados.
  3069 | D:4      | You fall into a shaft and drop 2 floors!
  3079 | D:6      | Noticed an ogre
  3149 | D:6      | Noticed a bullfrog
  3164 | D:5      | Entered Level 5 of the Dungeon
  3164 | D:5      | Noticed a yak
  3164 | D:5      | Noticed a yak
  3182 | D:5      | Slain by a yak

Illustrated notes

Levels and vault maps discovered:
D:1:      lightli_arrival_noodles, layout_loops_cross
D:2:      layout_basic, serial_shops, nicolae_shop_bloodbath_and_beyond
D:3:      layout_basic, lemuel_doored_altar
D:4:      layout_basic, nicolae_hepliaklqana_hippocampus, led_sif_book,
          mainiacjoe_overflow_boulevard, ebering_ghost_reflecting_pool,
          enter_ossuary_1, dreamdust_princess_corridor
D:5:      layout_cave_pools, palyth_stone_intersect, uniq_edmund,
          uniq_crazy_yiuf_cottage
D:6:      layout_cave_pods, mainiacjoe_overflow_small_starburst,
          gammafunk_ghost_abyssal_escape

Skill      XL: |  1  2  3 |
---------------+----------+-----
Short Blades   | 2 3 |  3.5
Dodging        | 3 |  3.2
Stealth        | |  4.8
Spellcasting   | |  2.1
Hexes          | |  3.5
Ice Magic      | |  0.9

Action                   |  1- 3 |  4- 6 || total
-------------------------+-------+-------++-------
Melee: Dagger            |    50 |    54 ||   104
 Cast: Ensorcelled Hiber |     3 |    11 ||    14
  Use: Scroll            |       |     9 ||     9
 Stab: Sleeping          |    10 |    19 ||    29
Armor: Robe              |     2 |     1 ||     3
Dodge: Dodged            |    27 |    21 ||    48

Table legend: (Time is in decaauts)
 A = Elapsed time spent in this place.
 B = Non-inter-level travel time spent in this place.
 C = Inter-level travel time spent in this place.
 D = Time resting spent in this place.
 E = Time spent auto-exploring this place.
 F = Levels seen in this place.
 G = Mean time per level.
                   A        B        C        D        E       F      G
               +--------+--------+--------+--------+--------+-----+--------+
         Total |   3166 |   2951 |    215 |     39 |   2377 |   6 |  527.7 |
       Dungeon |   3166 |   2951 |    215 |     39 |   2377 |   6 |  527.7 |
               +--------+--------+--------+--------+--------+-----+--------+

Top non-repeatable levels by time:
     D:2: 1362 daAuts
     D:1: 866 daAuts
     D:3: 780 daAuts
     D:6: 94 daAuts
     D:4: 45 daAuts
     D:5: 16 daAuts
